 Dungeon Crawl Stone Soup version 0.30-a0-691-g754fce4c43 (webtiles) character file.

Game seed: 10843988920718494920

3792 karrick the Cleaver (level 10, -19/63 HPs)
             Began as a Gargoyle Fighter on Jan 18, 2023.
             Was a Priest of Okawaru.
             Demolished by a polar bear (24 damage)
             ... on level 8 of the Dungeon on Jan 20, 2023.
             The game lasted 00:16:25 (6939 turns).

karrick the Cleaver (Gargoyle Fighter)              Turns: 6939, Time: 00:16:25

Health: -19/63     AC: 21    Str: 20    XL:     10   Next: 16%
Magic:  10/10      EV: 11    Int:  9    God:    Okawaru [***...]
Gold:   506        SH:  5    Dex: 13    Spells: 9/9 levels left

rFire   + + .      SeeInvis .    L - +3 hand axe
rCold   . . .      Faith    .    c - +0 buckler
rNeg    + . .      Spirit   .    F - +1 ring mail {rF+}
rPois   ∞          Reflect  .    (no helmet)
rElec   +          Harm     .    j - +0 cloak
rCorr   .          Rampage  .    d - +0 pair of gloves
Will    .....                    (no boots)
Stlth   +                        f - amulet of regeneration
HPRegen 1.10/turn                q - +4 ring of protection
MPRegen 0.12/turn                y - ring of protection from fire

@: no status effects
A: sickness immunity, AC +7, negative energy resistance 1, electricity
resistance, torment resistance 1, petrification resistance
a: Renounce Religion, Heroism


You were on level 8 of the Dungeon.
You worshipped Okawaru.
Okawaru was most pleased with you.
You visited 2 branches of the dungeon, and saw 10 of its levels.

You collected 506 gold pieces.

Inventory:

Hand Weapons
 a - a +0 war axe
 H - a +4 mace
 L - a +3 hand axe (weapon)
Missiles
 I - a throwing net (quivered)
Armour
 b - a +0 scale mail
 c - a +0 buckler (worn)
 d - a +0 pair of gloves (worn)
 j - a +0 cloak (worn)
 F - a +1 ring mail of fire resistance (worn)
Jewellery
 f - an amulet of regeneration (around neck)
 q - a +4 ring of protection (left hand)
 s - a ring of wizardry
 y - a ring of protection from fire (right hand)
 B - an amulet of reflection
 K - a ring of wizardry
Wands
 t - a wand of light (18)
 z - a wand of digging (5)
Scrolls
 e - a scroll of teleportation
 g - a scroll of noise {unknown}
 i - a scroll of enchant weapon {unknown}
 k - 2 scrolls of fog {unknown}
 l - 10 scrolls of identify {unknown}
 n - a scroll of fear {unknown}
 p - 2 scrolls of magic mapping {unknown}
 r - 3 scrolls of amnesia {unknown}
 w - a scroll of enchant armour {unknown}
 x - 4 scrolls of blinking {unknown}
 E - a scroll of silence {unknown}
Potions
 h - 2 potions of attraction
 m - 2 potions of flight
 o - 3 potions of curing {unknown}
 u - 2 potions of lignification {unknown}
 v - a potion of brilliance {unknown}
 A - 2 potions of invisibility {unknown}
 C - a potion of magic {unknown}
 G - a potion of haste {unknown}
 J - a potion of mutation {unknown}


   Skills:
 + Level 7.2 Fighting
 + Level 9.2 Axes
 + Level 7.0 Armour
 - Level 3.7 Dodging
 + Level 0.7 Stealth
 + Level 5.8 Shields


You had 9 spell levels left.
You didn't know any spells.
Your spell library contained the following spells:

 Spells                   Type           Power      Damage    Failure   Level
 Apportation              Tloc           0%         N/A       63%         1
 Necrotise                Necr           0%         1d4       63%         1
 Dazzling Flash           Conj/Hex       0%         N/A       94%         3
 Inner Flame              Hex/Fire       0%         N/A       94%         3
 Stone Arrow              Conj/Erth      0%         3d7       94%         3
 Anguish                  Hex/Necr       0%         N/A       100%        4
 Flame Wave               Conj/Fire      0%         2d4       100%        4
 Iskenderun's Mystic Bla  Conj/Tloc      0%         2d3       100%        4
 Sticky Flame             Conj/Fire      0%         2d3       100%        4
 Starburst                Conj/Fire      0%         6d3       100%        6
 Enfeeble                 Hex            0%         N/A       100%        7
 Lehudib's Crystal Spear  Conj/Erth      0%         10d2      100%        8
 Summon Small Mammal      Summ           Unusable   N/A       N/A         1
 Animate Armour           Summ/Erth      Unusable   N/A       N/A         4

Dungeon Overview and Level Annotations

Branches:
Dungeon (9/15)             Temple (1/1) D:5            Lair (0/5) D:9
    Orc: D:9-12

Altars:
Ashenzari
Cheibriados
Dithmenos
Elyvilon
Fedhas
Gozag
Hepliaklqana
Kikubaaqudgha
Makhleb
Nemelex Xobeh
Okawaru
Qazlal
Ru
Sif Muna
Trog
Uskayaw
Vehumet
Wu Jian
Xom
Yredelemnul
Zin
The Shining One

Annotations:
D:6 2 transporters, pigah's ghost, novice OpWn


Innate Abilities, Weirdness & Mutations

You are immune to sickness and miasma.
Your stone body is resilient. (AC +7)
You are immune to poison.
You resist negative energy. (rN+)
You are resistant to electric shocks. (rElec)
You are resistant to unholy torment.
You are immune to petrification.


Message History

You hit the polar bear.
The polar bear is severely wounded.
You miss the wolf. The polar bear closely misses you.
The polar bear barely misses you. The polar bear claws you.
The wolf closely misses you.
You slash the polar bear!
The polar bear is almost dead.
You hit the wolf. The wolf closely misses you.
The polar bear bites you but does no damage.
The polar bear barely misses you.
The polar bear claws you but does no damage.
The wolf misses you.
The polar bear bites you but does no damage.
You block the polar bear's attack. The polar bear barely misses you.
You hit the polar bear.
The polar bear is almost dead.
You hit the wolf. The wolf bites you but does no damage.
The polar bear bites you!
The polar bear claws you but does no damage.
The polar bear claws you.
You are too injured to fight recklessly!
You are too injured to fight recklessly!
You are too injured to fight recklessly!
You are too injured to fight recklessly!
You are too injured to fight recklessly!
You are too injured to fight recklessly!
You are too injured to fight recklessly!
The polar bear attacks as you move away!
The polar bear bites you.
The polar bear claws you but does no damage. x2
You block the wolf's attack.
The rime drake hisses angrily.
The wolf attacks as you move away! The wolf bites you but does no damage.
The wolf stops to sniff the ground.
The polar bear bites you!!
* * * LOW HITPOINT WARNING * * *
The polar bear completely misses you. You block the polar bear's attack.
The polar bear attacks as you move away!
The polar bear bites you!!
You die...

.# #.###.#.......###########
.#####.# #.#.#...............#
.......# #.........#########.#
###.#### ###.#...#.# #.# #.#
#.#..##.# #.# ##.# #.##.##.# #.#
#..# #.......# #.# #.## ####'####
#####.#### #.# ##..@## #.........
#.###### ##...hh## #.###.##..
#......# ##.......## #..##.##..
##.#....###....<....####.........
..........'...[.....'........>..#
##.#....###.....(...####...#.####
#....#.# ##.......## ##.##.#
#.##.#.# ##..k..## ####.#
#.##.#.# ##...## #.#


You could see a polar bear (berserk), a rime drake and a wolf.

Vanquished Creatures
  2 hornets
  3 slime creatures
  Eustachio (D:6)
  Duvessa (D:3)
  A water moccasin (D:7)
  An ice beast (D:6)
  2 black bears
  An orc warrior (D:7)
  3 centaurs
  2 ogres
  2 phantoms
  4 kobold brigands (D:7)
  A bullfrog (D:8)
  A scorpion (D:7)
  5 wights (D:8)
  Dowan (D:4)
  2 howler monkeys
  2 hounds
  5 jellies
  4 orc priests
  A gnoll bouda (D:8)
  Jessica (D:2)
  6 iguanas
  3 orc wizards
  9 gnolls
  2 adders
  A white imp (D:8)
  3 worms
  4 dart slugs
  17 orcs
  14 ball pythons
  16 endoplasms
  3 giant cockroaches
  7 hobgoblins
  4 jackals (D:1)
  16 kobolds
  A quokka (D:1)
  6 bats
  5 frilled lizards
  5 goblins
  5 rats
173 creatures vanquished.

Vanquished Creatures (others)
  An orc wizard (D:6)
  7 fungi (D:7)
  8 toadstools (D:7)
16 creatures vanquished.

Grand Total: 189 creatures vanquished

Notes
Turn   | Place    | Note
-------+----------+-------------------------------------------
     0 | D:1      | karrick the Gargoyle Fighter began the quest for the Orb.
     0 | D:1      | Reached XP level 1. HP: 14/14 MP: 1/1
    98 | D:1      | Reached XP level 2. HP: 19/19 MP: 2/2
   469 | D:1      | Reached skill level 2 in Axes
   474 | D:1      | Reached XP level 3. HP: 24/24 MP: 3/3
   918 | D:2      | Noticed Jessica
   926 | D:2      | Killed Jessica
   927 | D:2      | Reached XP level 4. HP: 28/29 MP: 4/4
  1287 | D:2      | Reached skill level 3 in Axes
  1427 | D:3      | Found a faded altar of an unknown god.
  1582 | D:3      | Reached XP level 5. HP: 33/33 MP: 5/5
  1851 | D:3      | Identified the +0 robe of the Tuna {rCorr}
  2036 | D:4      | Noticed Duvessa
  2037 | D:4      | Noticed Dowan
  2082 | D:4      | Noticed a centaur
  2091 | D:3      | Killed a centaur
  2092 | D:3      | Reached XP level 6. HP: 37/38 MP: 6/6
  2188 | D:4      | Killed Dowan
  2189 | D:4      | Reached skill level 4 in Axes
  2295 | D:3      | Killed Duvessa
  2296 | D:3      | Reached skill level 1 in Dodging
  2486 | D:5      | Entered Level 5 of the Dungeon
  2558 | D:3      | Reached XP level 7. HP: 44/44 MP: 7/7
  2583 | D:4      | Reached skill level 5 in Armour
  2815 | D:4      | Found a shimmering blue altar of Sif Muna.
  3027 | D:5      | Reached skill level 5 in Axes
  3169 | D:5      | Found a staircase to the Ecumenical Temple.
  3226 | Temple   | Entered the Ecumenical Temple
  3793 | Temple   | Became a worshipper of Warmaster Okawaru
  3940 | D:5      | Reached XP level 8. HP: 48/48 MP: 8/8
  4090 | D:6      | Reached skill level 5 in Fighting
  4090 | D:6      | Reached skill level 6 in Axes
  4213 | D:6      | Reached * piety under Okawaru
  4248 | D:6      | Noticed Eustachio
  4276 | D:6      | Killed Eustachio
  4330 | D:6      | Found a transporter.
  4331 | D:6      | Noticed pigah's ghost (novice OpWn)
  4333 | D:6      | Identified the +1 giant club "Luituu Vueff" {spect, Fragile
                  | rPois rF+++ Str-2}
  4333 | D:6      | Identified the +6 great mace "Athuxzac" {flame, Fly Str+2}
  4333 | D:6      | Noticed a two-headed ogre
  4336 | D:6      | Found a transporter.
  5081 | D:7      | Reached skill level 5 in Shields
  5082 | D:7      | Reached skill level 7 in Axes
  5094 | D:7      | Reached ** piety under Okawaru
  5095 | D:7      | Reached XP level 9. HP: 54/54 MP: 9/9
  5478 | D:7      | Noticed a hornet
  5511 | D:6      | Killed a hornet
  5514 | D:6      | Upgraded the game from 0.30-a0-652-gcc886f7154 to
                  | 0.30-a0-691-g754fce4c43
  5809 | D:7      | Reached skill level 8 in Axes
  5819 | D:7      | Reached *** piety under Okawaru
  6367 | D:8      | Reached XP level 10. HP: 63/63 MP: 10/10
  6437 | D:8      | Reached skill level 9 in Axes
  6863 | D:9      | Found a staircase to the Lair.
  6939 | D:8      | Demolished by a polar bear

Illustrated notes

Levels and vault maps discovered:
D:1:      matt_arrival_refuge, layout_loops_corners
D:2:      layout_rooms, dreamdust_princess_bridge, kennysheep_big_empty_room,
          uniq_jessica
D:3:      layout_basic, ebering_ecumenical_altar_box
D:4:      layout_loops_ring, lemuel_blue_sif_altar, uniq_duvessa
D:5:      layout_rooms, temple_pool_b
D:6:      layout_basic, gammafunk_ghost_smash, uniq_eustachio
D:7:      cheibrodos_fertilizer, layout_basic
D:8:      layout_loops_corners, serial_glass, glass_columns_a, glass_columns_a
D:9:      layout_stronghold, hellmonk_lair_entry_icy, st_stairs_1,
          hangedman_glass_teeth, guppyfry_early_elven_hall
Temple:   mainiacjoe_temple_starburst

Skill      XL: |  1  2  3  4  5  6  7  8  9 10 |
---------------+-------------------------------+-----
Axes           | 2 3 4 5 7 8 9 |  9.2
Armour         | 4 5 6 7 |  7.0
Fighting       | 4 5 7 |  7.2
Dodging        | 1 2 3 |  3.7
Shields        | 4 5 |  5.8
Stealth        | |  0.7

Action                   |  1- 3 |  4- 6 |  7- 9 | 10-12 || total
-------------------------+-------+-------+-------+-------++-------
Melee: War axe           |   102 |   198 |   355 |    31 ||   686
       Hand axe          |       |       |       |    50 ||    50
Throw: Throwing net      |       |       |       |     1 ||     1
  Use: Potion            |       |     5 |     2 |     1 ||     8
       Scroll            |       |       |     1 |     1 ||     2
Armor: Scale mail        |    48 |   124 |   264 |       ||   436
       Ring mail         |       |       |    26 |    76 ||   102
Dodge: Dodged            |    48 |   108 |   254 |    72 ||   482
Block: Buckler           |    23 |    46 |   121 |    37 ||   227

Table legend: (Time is in decaauts)
 A = Elapsed time spent in this place.
 B = Non-inter-level travel time spent in this place.
 C = Inter-level travel time spent in this place.
 D = Time resting spent in this place.
 E = Time spent auto-exploring this place.
 F = Levels seen in this place.
 G = Mean time per level.
                   A        B        C        D        E       F      G
               +--------+--------+--------+--------+--------+-----+--------+
         Total |   7133 |   6670 |    463 |     19 |   4855 |  10 |  713.3 |
       Dungeon |   6508 |   6147 |    361 |     19 |   4341 |   9 |  723.1 |
        Temple |    624 |    522 |    102 |      0 |    514 |   1 |  624.0 |
               +--------+--------+--------+--------+--------+-----+--------+

Top non-repeatable levels by time:
     D:7: 1146 daAuts
     D:1: 960 daAuts
     D:8: 951 daAuts
     D:4: 853 daAuts
     D:6: 788 daAuts
     D:3: 763 daAuts
  Temple: 624 daAuts
     D:2: 531 daAuts
     D:5: 497 daAuts
     D:9: 16 daAuts
